 Dungeon Crawl Stone Soup version 0.17-b1-15-g0f5fb43 (webtiles) character file.

56 Galdon the Caller (level 3, -2/19 HPs)
             Began as a Tengu Summoner on Nov 3, 2015.
             Was a Believer of Dithmenos.
             Slain by an orc warrior
             ... wielding a +0 glaive
              (21 damage)
             ... on level 3 of the Dungeon.
             The game lasted 00:25:15 (2602 turns).

Galdon the Caller (Tengu Summoner)                  Turns: 2602, Time: 00:25:15

Health: -2/19      AC:  4    Str:  9    XL:     3   Next: 97%
Magic:  1/7        EV: 12    Int: 15    God:    Dithmenos [**....]
Gold:   47         SH:  0    Dex: 14    Spells: 3 memorised, 0 levels left

rFire  . . .     SeeInvis .     s - +1 dagger (pain)
rCold  . . .     Clarity  .     m - +0 leather armour
rNeg   . . .     SustAt   .     (no shield)
rPois  .         Gourm    .     (helmet restricted)
rElec  .         Spirit   .     t - +0 cloak
rCorr  .         Warding  .     (no gloves)
rMut   .         Stasis   .     (boots unavailable)
MR     .....                    (no amulet)
Stlth  +++.......               (no ring)
                                u - ring of stealth

@: very slightly contaminated, wreathed by umbra, not resistant to hostile
enchantments, fairly stealthy
A: beak, talons 3
a: Shadow Step, Renounce Religion


You were on level 3 of the Dungeon.
You worshipped Dithmenos.
Dithmenos was pleased with you.
You were hungry.

You visited 1 branch of the dungeon, and saw 3 of its levels.

You collected 47 gold pieces.

Inventory:

Hand Weapons
 k - a +0 dagger
 s - a +1 dagger of pain (weapon)
Missiles
 g - 48 stones (quivered)
Armour
 a - a +1 robe
 m - a +0 leather armour (worn)
 t - a +0 cloak (worn)
Jewellery
 u - a ring of stealth (left hand)
Scrolls
 e - a scroll of immolation {unknown}
 i - a scroll of enchant armour
 n - a scroll of noise {unknown}
 o - a scroll of fog {unknown}
 p - 2 scrolls of amnesia {unknown}
 q - a scroll of remove curse {unknown}
Potions
 d - a potion of brilliance {unknown}
 f - a potion of cancellation {unknown}
 j - a potion of mutation {unknown}
 r - a potion of heal wounds {unknown}
 v - a potion of curing {unknown}
Books
 b - a book of Callings

   Spells                             Type                      Level
   a - Summon Small Mammal            Summoning                    1
   b - Call Imp                       Summoning                    2
   c - Call Canine Familiar           Summoning                    3
   d - Summon Guardian Golem          Hexes/Summoning              3
   e - Summon Lightning Spire         Summoning/Air                4
   f - Summon Ice Beast               Ice/Summoning                4
Comestibles
 c - a bread ration
 h - 4 meat rations
 l - 7 fruits
 w - 4 chunks of flesh


   Skills:
 * Level 0.2 Fighting
 * Level 1.0 Short Blades
 + Level 2.3 Dodging
 + Level 2.2 Stealth
 * Level 2.4 Spellcasting
 * Level 5.7 Summonings


You couldn't memorise any spells.
You knew the following spells:

 Your Spells              Type           Power        Failure   Level  Hunger
a - Summon Small Mammal   Summ           ###.         3%          1    #......
b - Call Imp              Summ           ###.....     6%          2    ###....
c - Call Canine Familiar  Summ           ###.....     12%         3    ###....


Dungeon Overview and Level Annotations

Branches:
Dungeon (3/15)

Altars:
Ashenzari
Dithmenos
Fedhas
Nemelex Xobeh


Innate Abilities, Weirdness & Mutations

You have a beak for a mouth.
You have claws for feet.


Message History

The orc warrior barely misses you.
Your hound barely misses the orc warrior.
An orc comes into view. It is wielding a mace.
Casting: Call Imp
Confirm with . or Enter, or press ? or * to list all spells.
You miscast Call Imp.
You are very lightly contaminated with residual magic.
Distant voices call out to you!
Your hound closely misses the orc warrior.
The orc warrior barely misses you.
Your hound bites the orc warrior but does no damage.
Your hound bites the orc warrior.
Your white imp hits the orc warrior but does no damage.
Unknown command.
You hit the orc warrior.
You claw the orc warrior, but do no damage.
The orc warrior is moderately wounded.
The orc warrior hits you with a glaive!!
Ouch! That really hurt!
You die...

...........##.##.#
.)##..####.##.##.#
..###.# #.##.##.# ###
#.####.##.##.#
#####..)...##.##.#
...##......##.##.##
...##......##.##..#
...##.#....#####''####
...##.#..#.##..5@†...#
...##......##..o.5...#
...#####.#.##..h♣♣...#
...# #...##..♣% ♣..#
...# ##..##.. .$ o.#
#### ...#.. ♣♣...#
######## #>.#.. ...#
.......# #.#.. ..
######.# .### ##


You could see an orc warrior, an orc, a friendly hound, a friendly iron imp and
a friendly white imp.

Vanquished Creatures
  A bat (D:2)
  3 giant cockroaches
  6 hobgoblins
  2 kobolds (D:2)
  A quokka (D:2)
  3 giant newts
  3 goblins
  A quokka skeleton (D:3)
  5 rats
25 creatures vanquished.

Vanquished Creatures (collateral kills)
  4 worms (D:2)
  2 giant geckos
  An orc (D:3)
  2 ball pythons
  A giant cockroach (D:2)
  3 goblins
  6 hobgoblins
  3 bats
  A giant newt (D:1)
  4 kobolds (D:1)
  4 rats
31 creatures vanquished.

Grand Total: 56 creatures vanquished

Notes
Turn   | Place    | Note
--------------------------------------------------------------
     0 | D:1      | Galdon the Tengu Summoner began the quest for the Orb.
     0 | D:1      | Reached XP level 1. HP: 10/10 MP: 4/4
   331 | D:1      | Reached skill level 5 in Summonings
   445 | D:1      | Reached XP level 2. HP: 15/15 MP: 4/6
   666 | D:1      | Learned a level 2 spell: Call Imp
  1072 | D:2      | Found a faded altar to an unknown god.
  1086 | D:2      | Became a worshipper of Dithmenos the Shadowed
  1086 | D:2      | Reached * piety under Dithmenos
  1112 | D:2      | Found a sparkling altar of Nemelex Xobeh.
  1171 | D:2      | Reached XP level 3. HP: 19/19 MP: 2/7
  1179 | D:2      | Learned a level 3 spell: Call Canine Familiar
  2301 | D:3      | Reached ** piety under Dithmenos
  2342 | D:3      | Found a shattered altar of Ashenzari.
  2454 | D:3      | Reached skill level 1 in Short Blades
  2474 | D:3      | Found a blossoming altar of Fedhas.
  2592 | D:3      | Noticed an orc warrior
  2602 | D:3      | Slain by an orc warrior

Action                   || total
-------------------------++-------
Melee: Club              ||     6
       Dagger            ||    79
Throw: Stone             ||     7
 Cast: Summon Small Mamm ||    14
       Call Imp          ||    13
       Call Canine Famil ||     6
  Use: Scroll            ||     2
 Stab: Sleeping          ||    10
  Eat: Chunk             ||     7
